 Dungeon Crawl Stone Soup version 0.30-a0-782-ge64f9170bb (webtiles) character file.

Game seed: 13838416903119033954

93 theswoord the Chopper (level 4, 0/52 HPs)
             Began as a Demonspawn Monk on Feb 23, 2023.
             Slain by Terence
             ... wielding a +0 flail
              (6 damage)
             ... on level 2 of the Dungeon.
             The game lasted 00:02:00 (1377 turns).

theswoord the Chopper (Demonspawn Monk)             Turns: 1377, Time: 00:02:01

Health: 0/52       AC: 22    Str: 14    XL:     4   Next: 36%
Magic:  4/4        EV:  2    Int: 11    God:
Gold:   107        SH:  0    Dex: 15    Spells: 3/3 levels left

rFire   . . .      SeeInvis .    a - +0 hand axe
rCold   . . .      Faith    .    (no shield)
rNeg    . . .      Spirit   .    (body armour currently unavailable)
rPois   +          Reflect  .    (helmet currently unavailable)
rElec   .          Harm     .    (cloak currently unavailable)
rCorr   .          Rampage  .    (gloves currently unavailable)
Will    .....      NoTele   +    (boots currently unavailable)
Stlth   ++                       (no amulet)
HPRegen 0.28/turn                (no ring)
MPRegen 0.09/turn                (no ring)

@: tree-form
A: stationary, stasis, torment immunity, boosted hp, (weakness stinger 2)
a: no special abilities


You were on level 2 of the Dungeon.
You were a tree.
You visited 1 branch of the dungeon, and saw 2 of its levels.

You collected 107 gold pieces.

Inventory:

Hand Weapons
 a - a +0 hand axe (weapon)
Armour
 b - a +1 robe (melded)
Jewellery
 h - a ring of ice
Wands
 j - a wand of iceblast (4)
 l - a wand of mindburst (9)
Scrolls
 d - a scroll of fear
Potions
 c - a potion of ambrosia
 e - a potion of attraction {unknown}
 f - a potion of lignification
 g - a potion of mutation {unknown}
 i - 2 potions of curing {unknown}


   Skills:
 - Level 3.0 Fighting
 + Level 4.7 Axes
 - Level 2.6 Dodging
 - Level 1.7 Stealth


You had 3 spell levels left.
You didn't know any spells.
Your spell library was empty.

Dungeon Overview and Level Annotations

Branches:
Dungeon (2/15)

Altars:
Qazlal

Annotations:
D:2 Terence


Innate Abilities, Weirdness & Mutations

You are a tree.
Your roots penetrate the ground, keeping you stationary.
You cannot be teleported.
You are immune to unholy pain and torment.
Your maximum health is greatly increased.
Your equipment is partially melded.
((You have a tail ending in a sharp stinger.))


Message History

The jackal bites you but does no damage.
You closely miss Terence. You hit the jackal. Terence barely misses you.
The jackal closely misses you.
You barely miss the jackal. You hit Terence but do no damage.
You hit the jackal. The jackal completely misses you. Terence misses you.
The jackal bites you but does no damage.
The jackal barely misses you.
You closely miss the jackal. You hit the jackal.
You kill the jackal!
You barely miss Terence. The bat hits you but does no damage.
Terence closely misses you. The jackal misses you. The bat misses you.
You barely miss the jackal. You hit Terence but do no damage. You hit the bat.
The bat closely misses you. The jackal barely misses you.
Terence hits you with a +0 flail. The jackal closely misses you.
You barely miss the jackal. You closely miss Terence.
The bat barely misses you. Terence hits you with a +0 flail.
* * * LOW HITPOINT WARNING * * *
The jackal bites you but does no damage.
Terence hits you with a +0 flail.
* * * LOW HITPOINT WARNING * * *
You barely miss the jackal.
Your tail-slap misses the jackal.
You closely miss the bat. You closely miss Terence. The bat barely misses you.
The jackal closely misses you. x2; Terence closely misses you.
Really quaff the potion of lignification?
You turn into a tree.
Your +1 robe melds into your body.
Your roots penetrate the ground.
The jackal bites you but does no damage.
The bat hits you but does no damage. Terence hits you but does no damage.
You hit the jackal.
You kill the jackal!
You hit Terence but do no damage. You hit the bat.
You kill the bat!
Terence hits you with a +0 flail.
* * * LOW HITPOINT WARNING * * *
You hit Terence but do no damage. Terence hits you but does no damage.
You hit Terence but do no damage. Terence hits you with a +0 flail!
* * * LOW HITPOINT WARNING * * *
You barely miss Terence. Terence hits you but does no damage.
You hit Terence. Terence hits you with a +0 flail.
You die...

########### #.........#
######### #.........#
.....)..# #.........#
........#### #.........#
._....#....###.........#
......<.................
......@†.###.##........#
#♣........#.##.###
#...............#
#....##.#####......##
....####.######.##...#
##..........#[).###..#
#######..#.#.### #...
##.#.#.# #.#. #.#...#
#... #.#..### ##..


You could see Terence.

Vanquished Creatures
  Jessica (D:2)
  An adder (D:2)
  3 dart slugs
  A worm (D:2)
  2 endoplasms
  3 giant cockroaches
  3 goblins
  5 hobgoblins
  2 jackals (D:2)
  5 kobolds
  A quokka (D:1)
  6 ball pythons
  6 bats
  3 frilled lizards
  8 rats
50 creatures vanquished.

Notes
Turn   | Place    | Note
-------+----------+-------------------------------------------
     0 | D:1      | theswoord the Demonspawn Monk began the quest for the Orb.
     0 | D:1      | Reached XP level 1. HP: 18/18 MP: 1/1
    82 | D:1      | Reached skill level 3 in Axes
    89 | D:1      | Gained mutation: You have a small tail. [demonic ancestry]
    89 | D:1      | Reached XP level 2. HP: 16/24 MP: 2/2
   491 | D:1      | Reached XP level 3. HP: 29/29 MP: 3/3
   541 | D:1      | Found a faded altar of an unknown god.
   806 | D:2      | Reached skill level 4 in Axes
  1170 | D:2      | Noticed Jessica
  1187 | D:2      | Killed Jessica
  1188 | D:2      | Gained mutation: You have a tail ending in a sharp stinger.
                  | [demonic ancestry]
  1188 | D:2      | Reached XP level 4. HP: 31/35 MP: 4/4
  1355 | D:2      | Noticed Terence
  1357 | D:2      | Found a stormy altar of Qazlal.
  1377 | D:2      | Slain by Terence

Skill      XL: |  1  2  3 |
---------------+----------+-----
Axes           | 3 4 |  4.7
Fighting       | |  3.0
Dodging        | |  2.6
Stealth        | |  1.7

Action                     |  1- 3 |  4- 6 || total
---------------------------+-------+-------++-------
  Melee: Hand axe          |   122 |    18 ||   140
         Tailslap          |    24 |       ||    24
    Use: Scroll            |     4 |     3 ||     7
         Potion            |     1 |     1 ||     2
   Stab: Sleeping          |     4 |       ||     4
 Armour: Robe              |    14 |     5 ||    19
         Skin              |       |     5 ||     5
  Dodge: Dodged            |    83 |    21 ||   104

Levels and vault maps discovered:
D:1:      dpeg_arrival_prison, layout_basic, shapermc_ecumenical_altar_acropolis
D:2:      layout_rooms, basic_altar, uniq_terence, uniq_jessica
